 Dungeon Crawl Stone Soup version 0.18.1-48-g4cf74bf (webtiles) character file.

221 dvd the Chopper (level 5, -1/32 HPs)
             Began as a Gargoyle Gladiator on July 19, 2016.
             Slain by an ice beast (15 damage)
             ... on level 4 of the Dungeon.
             The game lasted 00:08:21 (3542 turns).

dvd the Chopper (Gargoyle Gladiator)                Turns: 3542, Time: 00:08:22

Health: -1/32      AC: 14    Str: 19      XL:     5   Next: 98%
Magic:  5/5        EV:  8    Int: 10      God:
Gold:   247        SH:  0    Dex: 10 (11) Spells: 0 memorised, 4 levels left

rFire  + . .     SeeInvis .     a - +0 war axe
rCold  . . .     Gourm    .     m - +0 chain mail
rNeg   + . .     Faith    .     (no shield)
rPois  ∞         Spirit   .     c - +0 helmet
rElec  +         Dismiss  .     (no cloak)
rCorr  .         Reflect  .     (no gloves)
SustAt .         Harm     +     (no boots)
MR     .....                    s - amulet of harm
Stlth  ..........               y - +2 ring of intelligence
                                u - ring of protection from fire

@: not resistant to hostile enchantments, extremely unstealthy
A: negative energy resistance 1, electricity resistance, unbreathing,
petrification resistance, rot immunity, AC +4
a: no special abilities


You were on level 4 of the Dungeon.
You were not hungry.

You visited 1 branch of the dungeon, and saw 4 of its levels.

You collected 247 gold pieces.

Inventory:

Hand Weapons
 a - a +0 war axe (weapon)
 o - a +2 dagger of speed
 v - a +0 mace
Missiles
 d - 3 throwing nets (quivered)
 k - 61 stones
 x - 31 sling bullets
Armour
 b - a +0 leather armour
 c - a +0 helmet (worn)
 m - a +0 chain mail (worn)
 w - a +0 scale mail
Magical Staves
 t - an uncursed staff of energy {unknown}
Jewellery
 s - an amulet of harm (around neck)
 u - a ring of protection from fire (left hand)
 y - a +2 ring of intelligence (right hand)
Scrolls
 h - 4 scrolls of identify
 n - a scroll of enchant armour
Potions
 e - 2 potions of brilliance
 p - 2 potions of curing {unknown}
 q - a potion of flight
 z - a potion of cure mutation {unknown}
Books
 A - a book of the Earth

   Spells                             Type                      Level
   a - Leda's Liquefaction            Hexes/Earth                  4
   b - Bolt of Magma                  Conjuration/Fire/Earth       5
   c - Statue Form                    Transmutation/Earth          6
   d - Iron Shot                      Conjuration/Earth            6
   e - Shatter                        Earth                        9
Comestibles
 f - 4 bread rations
 g - 3 meat rations
 i - 2 beef jerkies
 j - 2 fruits
 l - a royal jelly
 r - a slice of pizza
 B - 2 chunks of flesh


   Skills:
 + Level 2.8 Fighting
 + Level 3.7(3.9) Axes
 + Level 1.3(2.9) Maces & Flails
 + Level 2.0 Throwing
 * Level 2.9 Armour
 + Level 3.3 Dodging


You had 4 spell levels left.
You didn't know any spells.

Dungeon Overview and Level Annotations

Branches:
Dungeon (4/15)
 Temple: D:4-7

Altars:


Innate Abilities, Weirdness & Mutations

You are resistant to torment.
Your stone body is resilient (AC +4).
You are immune to poison.
You resist negative energy.
You are resistant to electric shocks.
You can survive without breathing.
You are immune to petrification.
You are immune to rotting.


Message History

An ice beast comes into view.
There is an open door here.
The ice beast hits you but does no damage.
You hit the ice beast.
The ice beast is lightly wounded.
The ice beast barely misses you.
You closely miss the ice beast.
The ice beast is lightly wounded.
The ice beast hits you but does no damage.
The ice beast hits you. The ice beast freezes you!
You slash the ice beast!
The ice beast is moderately wounded.
The ice beast barely misses you.
You hit the ice beast but do no damage.
The ice beast is moderately wounded.
The ice beast hits you but does no damage.
You closely miss the ice beast.
The ice beast is moderately wounded.
The ice beast hits you. The ice beast freezes you!
You die...

.....#.#.# ###.>...#
###.### ##'## ##..÷##
# ##.....## .#
#.......## .#.#
#.........####....#
...........'.@Y....#
............####......
##.#.......## .#.##
#.##.....## # ##...##
##+#


You could see an ice beast.

Vanquished Creatures
  An iguana (D:3)
  Natasha (thrice) (D:2)
  2 adders (D:3)
  An ooze (D:1)
  An adder zombie (D:1)
  2 dart slugs
  2 worms (D:3)
  4 giant geckos
  8 orcs (D:3)
  2 ball pythons (D:2)
  5 giant cockroaches
  10 goblins
  11 hobgoblins
  2 jackals (D:1)
  6 bats
  A giant gecko zombie (D:1)
  3 giant newts (D:1)
  8 kobolds
  5 rats
77 creatures vanquished.

Notes
Turn   | Place    | Note
--------------------------------------------------------------
     0 | D:1      | dvd the Gargoyle Gladiator began the quest for the Orb.
     0 | D:1      | Reached XP level 1. HP: 12/12 MP: 1/1
   154 | D:1      | Reached XP level 2. HP: 18/18 MP: 2/2
   722 | D:1      | Reached XP level 3. HP: 18/22 MP: 3/3
  1121 | D:2      | Noticed Natasha
  1131 | D:2      | Killed Natasha
  1131 | D:2      | Reached XP level 4. HP: 9/27 MP: 4/4
  1305 | D:2      | Noticed Natasha
  1339 | D:2      | Killed Natasha
  1339 | D:2      | Reached skill level 1 in Armour
  1404 | D:2      | Noticed Natasha
  1865 | D:2      | Killed Natasha
  1865 | D:2      | Reached XP level 5. HP: 6/31 MP: 5/5
  3009 | D:3      | Reached skill level 1 in Maces & Flails
  3535 | D:4      | Noticed an ice beast
  3542 | D:4      | Slain by an ice beast

Skill      XL: |  1  2  3  4  5 |
---------------+----------------+-----
Axes           | 3 |  3.7
Throwing       | 2 |  2.0
Dodging        | 3 |  3.3
Armour         | 1 2 |  2.9
Maces & Flails | 1 |  1.3
Fighting       | |  2.8

Action                   |  1- 3 |  4- 6 || total
-------------------------+-------+-------++-------
Melee: War axe           |    80 |    50 ||   130
       Whip              |       |   275 ||   275
  Use: Potion            |       |     3 ||     3
       Scroll            |       |     4 ||     4
  Eat: Chunk             |     1 |     8 ||     9
Armor: Leather armour    |    18 |       ||    18
       Chain mail        |    38 |   218 ||   256
Dodge: Dodged            |    43 |   166 ||   209
